 Dungeon Crawl Stone Soup version 0.29-a0-82-g837932c90e (webtiles) character file.

Game seed: 5588675552430016684

6522 lordive the Chiller (level 11, -7/86 HPs)
             Began as a Naga Ice Elementalist on Feb 4, 2022.
             Was a Follower of Cheibriados.
             Mangled by an 11-headed hydra (13 damage)
             ... on level 8 of the Dungeon.
             The game lasted 00:21:18 (11066 turns).

lordive the Chiller (Naga Ice Elementalist)        Turns: 11066, Time: 00:21:19

Health: -7/86      AC: 17    Str: 11    XL:     11   Next: 0%
Magic:  15/20      EV: 11    Int: 39    God:    Cheibriados [*.....]
Gold:   693        SH:  5    Dex: 15    Spells: 3/22 levels left

rFire   + . .      SeeInvis +   p - +5 mace of Arbitration {freeze, rPois Int+5}
rCold   + + .      Faith    .   (no shield)
rNeg    . . .      Spirit   .   l - +1 leather armour of Music {rC+ Regen+ Str-3}
rPois   +          Reflect  +   d - +0 helmet
rElec   .          Harm     .   D - scarf {rC+ rF+}
rCorr   .          Rampage  .   e - +0 pair of gloves
Will    +....                   (no barding)
Stlth   ++........              E - amulet of reflection
HPRegen 1.04/turn               s - +6 ring of intelligence
MPRegen 0.17/turn               t - +6 ring of intelligence

@: mighty, ice-armoured, very slow
A: AC +3, large, see invisible, deformed body, poison resistance, slowness 2,
spit poison 1, naga tail 1
a: Spit Poison, Renounce Religion, Bend Time


You were on level 8 of the Dungeon.
You worshipped Cheibriados.
Cheibriados was aware of your devotion.
You visited 2 branches of the dungeon, and saw 10 of its levels.

You collected 719 gold pieces.
You spent 26 gold pieces at shops.

Inventory:

Hand Weapons
 h - a +5 morningstar
 p - the +5 mace of Arbitration (weapon) {freeze, rPois Int+5}
   (You found it on level 4 of the Dungeon)

   It freezes those it strikes, dealing additional cold damage.
   It can also slow down cold-blooded creatures.
   Int:       It affects your intelligence (+5).
   rPois:     It protects you from poison.
Missiles
 F - 2 curare-tipped darts
Armour
 a - a +0 robe
 c - a +0 ring mail
 d - a +0 helmet (worn)
 e - a +0 pair of gloves (worn)
 k - a +0 chain mail
 l - the +1 leather armour of Music (worn) {rC+ Regen+ Str-3}
   (You found it on level 5 of the Dungeon)

   Str:       It affects your strength (-3).
   rC:        It protects you from cold.
   Regen:     It increases your rate of health regeneration.
 D - a scarf of resistance (worn)
 K - a +0 tower shield
Jewellery
 s - a +6 ring of intelligence (left hand)
 t - a +6 ring of intelligence (right hand)
 v - a ring of protection from fire
 w - a ring of protection from cold
 E - an amulet of reflection (around neck)
 J - a +6 ring of intelligence
Wands
 j - a wand of mindburst (12)
 y - a wand of polymorph (7)
 z - a wand of iceblast (9)
 G - a wand of flame (18)
Scrolls
 b - 5 scrolls of fear {unknown}
 f - a scroll of brand weapon {unknown}
 g - 3 scrolls of teleportation {unknown}
 m - 3 scrolls of identify
 n - a scroll of acquirement {unknown}
 q - 2 scrolls of vulnerability {unknown}
 u - 2 scrolls of magic mapping {unknown}
 x - a scroll of enchant armour {unknown}
 A - a scroll of holy word {unknown}
 H - a scroll of amnesia {unknown}
Potions
 i - a potion of mutation {unknown}
 o - 2 potions of curing
 r - a potion of brilliance {unknown}
 B - a potion of might
 C - a potion of attraction {unknown}
 I - a potion of magic {unknown}


   Skills:
 + Level 1.8 Fighting
 + Level 3.2 Maces & Flails
 * Level 3.6 Armour
 * Level 4.7 Dodging
 + Level 4.0 Stealth
 * Level 3.7 Shields
 - Level 0.4 Unarmed Combat
 + Level 6.3 Spellcasting
 * Level 6.6 Conjurations
 + Level 7.6 Ice Magic
 * Level 4.1 Air Magic
 * Level 4.9 Invocations
 + Level 0.4 Evocations


You had 3 spell levels left.
You knew the following spells:

 Your Spells              Type           Power      Damage    Failure   Level
a - Freeze                Ice            100%       1d11      1%          1
b - Frozen Ramparts       Ice            100%       1d12      1%          3
c - Ozocubu's Armour      Ice            64%        N/A       1%          3
d - Hailstorm             Conj/Ice       62%        3d13      1%          4
e - Mephitic Cloud        Conj/Pois/Air  40%        N/A       2%          3
f - Lightning Bolt        Conj/Air       26%        1d42      11%         5

Your spell library contained the following spells:

 Spells                   Type           Power      Damage    Failure   Level
 Magic Dart               Conj           100%       1d8       1%          1
 Static Discharge         Conj/Air       53%        N/A       1%          2
 Corpse Rot               Necr/Air       56%        N/A       2%          2
 Poisonous Vapours        Pois/Air       56%        N/A       2%          2
 Conjure Flame            Conj/Fire      38%        6-21      2%          3
 Call Imp                 Summ           12%        N/A       5%          2
 Ignite Poison            Fire/Tmut/Pois 12%        N/A       11%         3
 Inner Flame              Hex/Fire       12%        N/A       11%         3
 Airstrike                Air            22%        N/A       6%          4
 Sticky Flame             Conj/Fire      38%        2d6       9%          4
 Summon Lightning Spire   Summ/Air       28%        N/A       16%         4
 Cause Fear               Hex            6%         N/A       34%         4
 Discord                  Hex            6%         N/A       100%        8
 Maxwell's Capacitive Co  Air            22%        ∞         100%        8


Dungeon Overview and Level Annotations

Branches:
Dungeon (9/15)             Temple (1/1) D:5             Orc (0/2) D:9
   Lair: D:8-11

Altars:
Ashenzari
Cheibriados
Dithmenos
Elyvilon
Fedhas
Gozag
Hepliaklqana
Kikubaaqudgha
Makhleb
Nemelex Xobeh
Okawaru
Qazlal
Ru
Sif Muna
Trog
Uskayaw
Vehumet
Wu Jian
Xom
Yredelemnul
Zin
The Shining One
Beogh

Shops:
D:4 *   D:5 *   D:9 !

Annotations:
D:4 2 transporters, siradein's ghost, amateur DrBe
D:8 GrayStillPlays's ghost, novice TrTm


Innate Abilities, Weirdness & Mutations

Your serpentine skin is tough. (AC +3)
You have supernaturally acute eyesight. (SInv)
Armour fits poorly on your strangely shaped body.
Your system is resistant to poisons. (rPois)
You cover ground very slowly.
You can spit poison.
You have a snake-like lower body.


Message History

The nine-headed hydra bites you but does no damage.
The nine-headed hydra bites you. The nine-headed hydra bites you!
The nine-headed hydra barely misses you.
The nine-headed hydra bites you. The nine-headed hydra bites you!
The nine-headed hydra bites you but does no damage.
The nine-headed hydra bites you. x2; The nine-headed hydra bites you!
The nine-headed hydra bites you.
Unknown command.
Unknown command.
Unknown command.
Okay, then.
Unknown command.
Casting: Ozocubu's Armour (safe; 1% risk of failure)
Confirm with . or Enter, or press ? or * to list all spells.
A film of ice covers your body! The 11-headed hydra barely misses you.
The 11-headed hydra bites you but does no damage.
The 11-headed hydra bites you. The 11-headed hydra closely misses you.
The 11-headed hydra bites you but does no damage.
The 11-headed hydra closely misses you. The 11-headed hydra bites you.
The 11-headed hydra bites you!
* * * LOW HITPOINT WARNING * * *
You block the 11-headed hydra's attack.
The 11-headed hydra bites you but does no damage. x2
The nine-headed hydra closely misses you.
The nine-headed hydra bites you but does no damage.
The nine-headed hydra bites you!
* * * LOW HITPOINT WARNING * * *
You block the nine-headed hydra's attack.
The nine-headed hydra bites you.
* * * LOW HITPOINT WARNING * * *
The nine-headed hydra closely misses you.
The nine-headed hydra bites you.
* * * LOW HITPOINT WARNING * * *
The nine-headed hydra bites you but does no damage. x2
Unknown command.
Okay, then.
It was a potion of might.
You feel very mighty all of a sudden. The 11-headed hydra bites you!
You die...

#...## #.#####.# #..)#...#
.....## ###♣./### #.#######
......## #♣?..♣## #..## ##
.......###♣......########.).####.
.......'.#♣..)..≈#.............'.
.......###≈.....♣##.#####...####.
......## ##?....###.# #..## ##
.....## ###'''####.#####.#### #
#...## #....WD@##.##.......#
##'## ##...#D###.##.##.##.# #.#
#.........##....##.# ##.#
#####.######..####.# ##.## #.#
#..####.# #...###########>#
#.......#### ................#
##.........# #....############
#..######.# .....# #......##.#


You could see a 11-headed hydra, a nine-headed hydra and GrayStillPlays's ghost.

Vanquished Creatures
  A two-headed ogre (D:8)
  A manticore (D:8)
  A hornet (D:9)
  A steam dragon (D:9)
  A water moccasin (D:6)
  Duvessa (D:6)
  4 orc warriors
  A sky beast (D:8)
  An ice beast (D:8)
  A black bear (D:5)
  A necrophage (D:8)
  An ogre (D:5)
  8 centaurs
  A phantom (D:5)
  2 kobold brigands (D:7)
  4 scorpions
  3 bullfrogs
  A gnoll sergeant (D:9)
  A wyvern skeleton (D:5)
  Dowan (D:6)
  A water moccasin skeleton (D:5)
  11 killer bees (D:9)
  5 wights (D:6)
  A crimson imp (D:8)
  3 centaur zombies
  A centaur skeleton (D:7)
  7 hounds
  2 jellies
  6 orc priests
  A gnoll shaman (D:4)
  3 bullfrog skeletons
  Ijyb (D:3)
  5 iguanas
  A scorpion zombie (D:5)
  7 orc wizards
  A killer bee zombie (D:5)
  A hound skeleton (D:4)
  13 gnolls
  4 adders
  3 shadow imps
  2 white imps
  4 dart slugs (D:2)
  21 orcs
  7 endoplasms
  A giant cockroach (D:2)
  4 hobgoblins
  7 jackals
  4 quokkas
  2 ball pythons
  3 bats
  4 frilled lizards
  5 goblins
  A jackal skeleton (D:4)
  17 kobolds
  10 rats
205 creatures vanquished.

Vanquished Creatures (others)
  A plant (D:8)
1 creature vanquished.

Grand Total: 206 creatures vanquished

Notes
Turn   | Place    | Note
-------+----------+-------------------------------------------
     0 | D:1      | lordive the Naga Ice Elementalist began the quest for the
                  | Orb.
     0 | D:1      | Reached XP level 1. HP: 15/15 MP: 3/3
   498 | D:1      | Reached XP level 2. HP: 22/22 MP: 3/5
  1091 | D:2      | Reached XP level 3. HP: 25/28 MP: 1/6
  1095 | D:2      | Learned a level 3 spell: Frozen Ramparts
  1165 | D:2      | Found a sacrificial altar of Ru.
  1336 | D:2      | Reached skill level 1 in Conjurations
  1553 | D:2      | Found a faded altar of an unknown god.
  2326 | D:3      | Noticed Ijyb
  2332 | D:3      | Killed Ijyb
  2333 | D:3      | Reached XP level 4. HP: 35/36 MP: 1/7
  2392 | D:3      | You fall into a shaft and drop 2 floors!
  2392 | D:5      | Entered Level 5 of the Dungeon
  2547 | D:5      | Reached XP level 5. HP: 31/42 MP: 9/9
  2671 | D:5      | Noticed a phantom
  2684 | D:5      | Reached skill level 5 in Ice Magic
  2710 | D:5      | Identified the +1 leather armour of Music {rC+ Regen+
                  | Str-3}
  2792 | D:5      | Learned a level 3 spell: Ozocubu's Armour
  2824 | D:5      | Killed a phantom
  2825 | D:5      | Reached XP level 6. HP: 13/49 MP: 5/10
  2867 | D:5      | Found Wussuty's General Store.
  2905 | D:5      | Bought a scroll of identify for 26 gold pieces
  3037 | D:5      | Noticed a black bear
  3043 | D:5      | Killed a black bear
  3143 | D:5      | Found a white marble altar of Elyvilon.
  3318 | D:5      | Reached skill level 1 in Armour
  3396 | D:5      | Reached XP level 7. HP: 53/55 MP: 12/12
  3636 | D:4      | Noticed siradein's ghost (amateur DrBe)
  3639 | D:4      | Found a transporter.
  3820 | D:4      | Identified the +5 mace of Arbitration {freeze, rPois Int+5}
  3998 | D:4      | Found Tutaene's Neck Hole.
  4178 | D:4      | Reached skill level 6 in Ice Magic
  4213 | D:4      | Found a transporter.
  4627 | D:5      | Reached XP level 8. HP: 62/62 MP: 7/14
  4756 | D:5      | Reached skill level 1 in Maces & Flails
  5119 | D:5      | Found a staircase to the Ecumenical Temple.
  5128 | Temple   | Entered the Ecumenical Temple
  5667 | D:3      | Learned a level 4 spell: Hailstorm
  5671 | D:3      | Learned a level 3 spell: Mephitic Cloud
  6403 | D:6      | Reached skill level 1 in Invocations
  6521 | D:6      | Reached skill level 5 in Spellcasting
  6541 | D:6      | Reached skill level 1 in Air Magic
  6700 | D:6      | Reached skill level 1 in Shields
  6701 | D:6      | Reached XP level 9. HP: 59/68 MP: 5/16
  6734 | D:6      | Reached skill level 5 in Conjurations
  6868 | D:6      | Noticed Duvessa
  6880 | D:6      | Killed Duvessa
  6880 | D:6      | Noticed Dowan
  6894 | D:6      | Killed Dowan
  7320 | D:7      | Reached skill level 1 in Fighting
  8675 | D:8      | Found a runed translucent gate.
  8676 | D:8      | Noticed a nine-headed hydra
  8677 | D:8      | Found a runed translucent gate.
  8677 | D:8      | Noticed an 11-headed hydra
  8677 | D:8      | Noticed GrayStillPlays's ghost (novice TrTm)
  8679 | D:8      | Found a runed translucent gate.
  8930 | D:8      | Found a burning altar of Makhleb.
  8934 | D:8      | Reached XP level 10. HP: 79/79 MP: 14/18
  9014 | D:8      | Reached skill level 7 in Ice Magic
  9091 | D:8      | Noticed a manticore
  9107 | D:8      | Killed a manticore
  9324 | D:8      | Noticed a two-headed ogre
  9332 | D:8      | Killed a two-headed ogre
  9863 | D:9      | Found a snail-covered altar of Cheibriados.
  9969 | D:9      | Became a worshipper of Cheibriados the Contemplative
 10172 | D:9      | Found a staircase to the Orcish Mines.
 10241 | D:9      | Reached * piety under Cheibriados
 10311 | D:9      | Found Zasir's Distillery.
 10843 | D:9      | Reached XP level 11. HP: 70/86 MP: 14/20
 10975 | D:9      | Learned a level 5 spell: Lightning Bolt
 11066 | D:8      | Mangled by an 11-headed hydra

Illustrated notes

Levels and vault maps discovered:
D:1:      sevenhm_arrival_forest_fort_small_3, layout_rooms, serial_curves,
          eino_curves_02, eino_curves_03, hangedman_abyss_or_decor_lesser_grid
D:2:      layout_loops_ring, dreamdust_ecumenical_altar_statues, basic_altar,
          minmay_misc_feat_chi, minmay_pentomino_p2
D:3:      layout_basic, lemuel_another_geyser, uniq_ijyb
D:4:      layout_basic, gammafunk_ghost_arena, hex_medium,
          nicolae_shop_sticking_my_neck_out
D:5:      minmay_chambers_of_fours, layout_loops_corners, temple_hall,
          serial_shops, kennysheep_little_box, kennysheep_diamond,
          serial_park_tiny_pond, st_stairs_1
D:6:      layout_rooms, uniq_duvessa
D:7:      layout_basic, david_defended_altar_orc
D:8:      layout_loops_corners, makhleb_grotto_becter,
          gammafunk_ghost_hydra_chop
D:9:      layout_loops_ring, cheibriados_altar_1, david_orc_2, serial_shops,
          nicolae_shop_advertising_works [nicolae_subvault_shop_adworks]
Temple:   mainiacjoe_temple_big_plus

Skill      XL: |  1  2  3  4  5  6  7  8  9 10 |
---------------+-------------------------------+-----
Conjurations   | 1 2 3 4 6 |  6.6
Dodging        | 2 3 4 |  4.7
Spellcasting   | 3 4 5 6 |  6.3
Ice Magic      | 5 6 7 |  7.6
Armour         | 1 2 3 |  3.6
Maces & Flails | 1 2 3 |  3.2
Invocations    | 1 3 4 |  4.9
Stealth        | 4 |  4.0
Air Magic      | 1 3 4 |  4.1
Shields        | 1 2 3 |  3.7
Fighting       | 1 |  1.8
Unarmed Combat | |  0.4
Evocations     | |  0.4

Action                   |  1- 3 |  4- 6 |  7- 9 | 10-12 || total
-------------------------+-------+-------+-------+-------++-------
Melee: Unarmed           |     6 |       |       |       ||     6
       Dagger            |    13 |    65 |    83 |       ||   161
       Mace              |       |       |    90 |    39 ||   129
       Punch             |       |       |     5 |     2 ||     7
 Cast: Freeze            |    58 |    11 |    15 |     8 ||    92
       Frozen Ramparts   |     1 |     6 |    50 |    21 ||    78
       Ozocubu's Armour  |       |     3 |    23 |    12 ||    38
       Hailstorm         |       |       |     7 |     4 ||    11
 Abil: Spit Poison       |    17 |     2 |     1 |       ||    20
Evoke: Wand              |       |     5 |       |       ||     5
  Use: Potion            |       |       |     2 |     1 ||     3
Armor: Robe              |    16 |     3 |       |       ||    19
       Leather armour    |       |    34 |   130 |    96 ||   260
Dodge: Dodged            |    30 |    43 |   166 |    87 ||   326
Block: Other             |       |       |    15 |    37 ||    52
       Reflection        |       |       |     3 |       ||     3

Table legend: (Time is in decaauts)
 A = Elapsed time spent in this place.
 B = Non-inter-level travel time spent in this place.
 C = Inter-level travel time spent in this place.
 D = Time resting spent in this place.
 E = Time spent auto-exploring this place.
 F = Levels seen in this place.
 G = Mean time per level.
                   A        B        C        D        E       F      G
               +--------+--------+--------+--------+--------+-----+--------+
         Total |  14022 |  13211 |    811 |     93 |  11046 |  10 | 1402.2 |
       Dungeon |  13448 |  12674 |    774 |     93 |  10515 |   9 | 1494.2 |
        Temple |    574 |    538 |     36 |      0 |    531 |   1 |  574.0 |
               +--------+--------+--------+--------+--------+-----+--------+

Top non-repeatable levels by time:
     D:5: 2335 daAuts
     D:8: 2002 daAuts
     D:9: 1822 daAuts
     D:7: 1401 daAuts
     D:3: 1324 daAuts
     D:1: 1254 daAuts
     D:2: 1184 daAuts
     D:4: 1149 daAuts
     D:6: 974 daAuts
  Temple: 574 daAuts
